Ram, chaotic male vampiric Barbarian -------- +......| |.......# |......|# |.)..[.|# |<.....|# --------# # # # ------- # |bbbbb| # |bbb.b| # --.-- #+bb@@b| ####.....######------- ###|..%| #....| |...| ----- Ram the Bandit Experience level: 8 Strength: 18/03 Dexterity: 15 Constitution: 18 Intelligence: 8 Wisdom: 7 Charisma: 6 Health: 0(87) Energy: 33(33) AC: 3 Gold: 0 Moves: 2326 Your Inventory: Amulets j - a cursed amulet of ESP (being worn) Weapons a - an uncursed +0 battle-axe b - an uncursed +0 short sword (alternate weapon; not wielded) t - 10 [cursed -1] arrows u - a cursed [+1] bow (weapon in hand) x - an [uncursed] poisoned [+0] orcish arrow of stealth A - 2 [uncursed +0] elven arrows (in quiver) B - an [uncursed +0] elven bow C - an [uncursed] poisoned [+0] orcish arrow [of stealth] D - an [uncursed +0] orcish arrow Armor i - an uncursed +0 pair of water walking boots (being worn) p - an [uncursed] +0 elven leather helm (being worn) q - an [uncursed] +0 elven mithril-coat (being worn) Spellbooks v - a [blessed] spellbook of invisibility Potions n - an uncursed potion of restore ability o - an uncursed potion of oil Tools e - an uncursed oil lamp (1:1500) Spells known in the end: Name Level Category Fail Memory a - invisibility 4 escape 100% [||||||||] Your skills at the end: Fighting Skills bare handed combat [Basic / Master] Weapon Skills axe [Basic / Expert] short sword [Basic / Expert] Spellcasting Skills Final Attributes: You were piously aligned. Hunger level was 902. Your alignment was 20 / 21. Monster difficulty range was 1 - 8. Level difficulty was 9. You were immune to poison. You were immune to level-drain. You were confused. You were telepathic. You could fly. You could walk on water. You could survive without air. You regenerated. You were fast. Your luck was zero. You are dead. Vanquished creatures: a giant mimic 5 small mimics a Grey-elf a leprechaun an iron piercer a gnome king a dwarf mummy a dog a dwarf lord a dust vortex a gnome mummy a Woodland-elf 6 Uruk-hai a rock piercer an enormous rat a pony a yellow light a violet fungus a golden naga hatchling 4 elf zombies a baby crocodile a floating eye a dwarf a rothe 6 iguanas an acid blob a gas spore 3 manes 2 large kobolds a garter snake a gecko a lichen a kobold zombie 53 creatures vanquished. Voluntary challenges: You used a wielded weapon 60 times. You read items or engraved 8 times. You put on armor 10 times. You never genocided any monsters. You never polymorphed an object. You never changed form. You used no wishes. You abstained from Elbereth's help. You never encountered a bones level. You used 13 Sokoban shortcuts. Dungeon overview: The Dungeons of Doom: levels 1 to 9 Level 1 a long staircase Level 4 some fountains Level 5 a fountain Level 6 some fountains Level 7 a general store, a fountain stairs to Sokoban Level 8 a long staircase Level 9 <- You were here a general store Sokoban: levels 5 to 6 Level 6 a magic chest stairs to The Dungeons of Doom History has recorded: On T:1 you entered the Dungeons of Doom to retrieve the Amulet of Yendor! On T:4 you reached level 4 of The Dungeons of Doom. On T:112 you advanced to experience level 2. On T:236 you advanced to experience level 3. On T:303 you reached level 5 of The Dungeons of Doom. On T:523 you advanced to experience level 4. On T:567 you advanced to experience level 5. On T:695 you reached level 6 of The Dungeons of Doom. On T:705 you advanced to experience level 6. On T:921 you reached level 7 of The Dungeons of Doom. On T:1075 you advanced to experience level 7. On T:1216 you reached level 3 of Sokoban. On T:1819 you reached level 2 of Sokoban. On T:1967 you advanced to experience level 8. On T:2131 you reached level 8 of The Dungeons of Doom. On T:2229 you reached level 9 of The Dungeons of Doom. Latest messages: As you read the scroll, it disappears. Being confused, you mispronounce the magic words... The shop's ceiling rumbles above you! You are hit by 3 rocks! Sipaliwini zaps a wand of striking! The wand misses you. Sipaliwini zaps a wand of striking! The wand misses you. Sipaliwini zaps a wand of striking! The wand hits you! Sipaliwini zaps a wand of striking! The wand hits you! [HP-31=17] As you read the scroll, it disappears. Being confused, you mispronounce the magic words... [HP+1=18] You kill the acid blob! You are splashed by the acid blob's acid! Sipaliwini hits! You die... Sipaliwini takes all your possessions. Final status: Goodbye Ram the Barbarian... You died in The Dungeons of Doom on dungeon level 9 with 6007 points, and 0 pieces of gold, after 2326 moves. You were level 8 with a maximum of 87 hit points when you died.